cohdb
Replays
Latest Replays
All Replays
Popular Replays
Top Player Replays
Match Explorer
How It Works
Community
CoH3 Stats
Reddit
Sign in to upload your games and track your stats! →
Sign in with Steam
Match 29775544
Unlisted
Match 29775544
Overview
Messages
Build Orders
End
Kettenkrad Recon Vehicle
Construct Infanterie Kompanie
Selects Mechanized Battlegroup
Grenadier Squad
MG 42 Machine Gun Team
Construct Panzergrenadier Kompanie
251 Medium Carrier
Panzergrenadier Squad
Panzergrenadier Squad
Panzergrenadier Officer Quarters
Medical Station
Pak 40 Anti-tank Gun Team
Selects Raid Package
Panzergrenadier Squad
Construct Panzer Kompanie
Stoßtruppen Squad
Selects 8 Rad Armored Car
Selects UNKNOWN (2160084)
Panther Heavy Tank
Selects Spotting Scopes
Selects Stoßtruppen Assault Package
Panzer Officer Quarters
Stoßtruppen Squad
Panzer IV Medium Tank
Selects Zeroing Artillery Barrage
Zeroing Artillery Barrage
Pioneer Squad
Pak 40 Anti-tank Gun Team
AI Takeover
Anthrous
remyco33
PoppaMies
Tango
Turtleboy
GoonLord
0
0
Comments
sign in to comment!
No comments posted yet!